 Dungeon Crawl Stone Soup version 0.30.0-21-gd299b56b3f (webtiles) character file.

Game seed: 8078777822040122781

2055 qw the Cleaver (level 9, -2/55 HPs)
             Began as a Gargoyle Fighter on June 2, 2023.
             Was a Believer of Okawaru.
             Killed from afar by an electric eel (5 damage)
             ... with a bolt of electricity
             ... on level 6 of the Dungeon.
             The game lasted 00:03:01 (4676 turns).

qw the Cleaver (Gargoyle Fighter)                   Turns: 4676, Time: 00:03:02

Health: -2/55      AC: 18    Str: 24    XL:     9   Next: 25%
Magic:  12/12      EV:  9    Int:  9    God:    Okawaru [**....]
Gold:   205        SH:  5    Dex: 15    Spells: 8/8 levels left

rFire   + . .        Y - +1 war axe
rCold   . . .        c - +0 buckler
rNeg    + . .        l - +0 chain mail
rPois   inf          f - +2 helmet
rElec   +            (no cloak)
rCorr   .            (no gloves)
SInv    .            (no boots)
Will    .....        j - amulet of regeneration Stlth
                     h - +6 ring of dexterity
HPRegen 1.09/turn    m - ring of protection from fire
MPRegen 0.13/turn

%: no passive effects
@: no status effects
A: sickness immunity, AC +6, negative energy resistance 1, electricity
resistance, torment resistance 1, petrification resistance
a: Renounce Religion, Heroism


You were on level 6 of the Dungeon.
You worshipped Okawaru.
Okawaru was pleased with you.
You visited 1 branch of the dungeon, and saw 6 of its levels.

You collected 205 gold pieces.


Innate Abilities, Weirdness & Mutations

You are immune to sickness and miasma.
Your stone body is resilient. (AC +6)
You are immune to poison.
You resist negative energy. (rN+)
You are resistant to electric shocks. (rElec)
You are resistant to unholy torment.
You are immune to petrification.


   Skills:
 - Level 6.2 Fighting
 + Level 8.8 Axes
 - Level 3.2 Armour
 - Level 2.2 Dodging
 - Level 3.2 Shields
 - Level 4.5 Invocations


You had 8 spell levels left.
You didn't know any spells.
Your spell library was empty.

Inventory:

Hand Weapons
 a - a +1 flail of venom
 Y - a +1 war axe (weapon)
Armour
 c - a +0 buckler (worn)
 f - a +2 helmet (worn)
 l - a +0 chain mail (worn)
Jewellery
 h - a +6 ring of dexterity (left hand)
 j - an amulet of regeneration (around neck)
 m - a ring of protection from fire (right hand)
Scrolls
 g - 2 scrolls of identify
Potions
 d - a potion of might
 e - 3 potions of lignification
 k - a potion of curing
 n - a potion of haste
 p - a potion of cancellation

Dungeon Overview and Level Annotations

Branches:
Dungeon (6/15)
 Temple: D:4-7

Altars:
Ashenzari
Elyvilon
Gozag
Kikubaaqudgha
Nemelex Xobeh
Okawaru
Ru
Sif Muna
Uskayaw

Annotations:
D:3 3 runed translucent doors, qw's ghost, amateur GrCA
D:6 exclusions: 14 dart slugs and 5 electric eels


Message History

You resist.
The electric eel shoots out a bolt of lightning at you!
The bolt of electricity misses you.
The electric eel shoots out a bolt of lightning at you!
The bolt of electricity hits you. You resist.
Enter note:
Enter note:
Enter note:
Enter note:
Enter note:
Enter note:
Enter note:
Enter note:
Enter note:
Enter note:
Enter note:
Enter note:
Enter note:
Enter note:
Enter note:
Enter note:
Enter note:
Enter note:
Enter note:
Enter note:
Enter note:
Enter note:
Enter note:
Enter note:
Enter note: The electric eel shoots out a bolt of lightning at you!
The bolt of electricity hits you. You resist.
The electric eel shoots out a bolt of lightning at you!
The bolt of electricity hits you but does no damage.
You resist.
The electric eel shoots out a bolt of lightning at you!
The bolt of electricity hits you. You resist.
The electric eel shoots out a bolt of lightning at you!
The bolt of electricity hits you. You resist.
You die...

...#.~~~~~~~.##
##.#~~~~~#~~#~~##
..~~~~~~<.~~~~~#
#.~~#~~.(.~~~~~.
##~~~~~~#[.~~~#~~
#~~%~~#~~.~~~~~~~
##~~~~~~~.?.~~~~~~
##..~~~~~~7<.~~~~~#
#.@~~S~~~~...~~~~~~
#.(#~~~~~~~#.~~~~))%
#..##~#~~~~~.~~#~~~~
#... #.~~~~~..~!#~##.
#.#...#~~~#S.)(%#~~~#
..##.###w~~~~~~~~~~##
## #. ..#.~S~S~~~.###
# ##.:##~~.~~##..#
### ###........


You could see 3 electric eels and a dart slug.

Vanquished Creatures
  Pikel (D:5)
  Grinder (D:4)
  Sigmund (D:3)
  Eustachio (D:4)
  Duvessa (D:4)
  A water moccasin (D:5)
  An ogre (D:5)
  A lemure (D:5)
  2 phantoms (D:4)
  A bullfrog (D:6)
  A gnoll sergeant (D:5)
  Dowan (D:4)
  An orc priest (D:4)
  3 hounds
  2 jellies (D:5)
  3 iguanas
  An orc wizard (D:4)
  4 gnolls (D:5)
  8 adders
  A worm (D:2)
  6 dart slugs
  14 orcs
  16 ball pythons
  12 endoplasms
  2 giant cockroaches (D:1)
  3 goblins
  14 hobgoblins
  11 kobolds
  5 quokkas
  4 bats
  4 frilled lizards
  12 rats
139 creatures vanquished.

Vanquished Creatures (others)
  A human (D:3)
  3 dart slugs (D:6)
  An orc (D:6)
5 creatures vanquished.

Grand Total: 144 creatures vanquished

Notes
Turn   | Place    | Note
-------+----------+-------------------------------------------
     0 | D:1      | qw the Gargoyle Fighter began the quest for the Orb.
     0 | D:1      | Reached XP level 1. HP: 14/14 MP: 1/1
     0 | D:1      | 0 ||| qw: Version: 0.2-a-102-gdf20003
     0 | D:1      | 0 ||| qw: Game counter: 803
     0 | D:1      | 0 ||| qw: Always use a shield: true
     0 | D:1      | 0 ||| qw: God list: Okawaru
     0 | D:1      | 0 ||| qw: Allow faded altars: false
     0 | D:1      | 0 ||| qw: Do Orc after D:15 true
     0 | D:1      | 0 ||| qw: Do second Lair branch before Depths: true
     0 | D:1      | 0 ||| qw: Lair rune preference: random
     0 | D:1      | 0 ||| qw: Plans: Normal, Zot:1-4, Slime:5, God:TSO, Crypt,
                  | Tomb, Pan, Hells, Abyss, Win
     0 | D:1      | 0 ||| PLANNING D:1-11
    70 | D:1      | Reached skill level 2 in Axes
   150 | D:1      | Reached XP level 2. HP: 19/19 MP: 2/2
   196 | D:1      | 196 ||| Stepping ~*~*~tactically~*~*~ (hiding).
   350 | D:1      | 350 ||| Stepping ~*~*~tactically~*~*~ (hiding).
   492 | D:1      | Reached skill level 3 in Axes
   566 | D:1      | 566 ||| Stepping ~*~*~tactically~*~*~ (hiding).
   576 | D:1      | Reached XP level 3. HP: 23/23 MP: 3/3
   697 | D:1      | 697 ||| Stepping ~*~*~tactically~*~*~ (hiding).
   702 | D:1      | 702 ||| Stepping ~*~*~tactically~*~*~ (hiding).
  1300 | D:1      | 1300 ||| UPGRADING to amulet of regeneration.
  1305 | D:1      | 1305 ||| UPGRADING to +6 ring of dexterity.
  1306 | D:1      | 1306 ||| UPGRADING to ring of protection from fire.
  1307 | D:1      | 1307 ||| READING scroll labelled PUXIVI GUONETT.
  1308 | D:1      | 1308 ||| READING 3 scrolls labelled TISMESCHUMO.
  1309 | D:1      | 1309 ||| READING scroll labelled CER ATZAEVAO.
  1310 | D:1      | 1310 ||| READING scroll labelled JENUDGHO UNGUC.
  1311 | D:1      | 1311 ||| READING 2 scrolls of identify.
  1311 | D:1      | 1311 ||| IDENTIFYING emerald potion
  1340 | D:2      | 1340 ||| STAIRDANCE
  1396 | D:2      | Reached skill level 1 in Dodging
  1396 | D:2      | Reached XP level 4. HP: 18/28 MP: 4/4
  1752 | D:2      | 1752 ||| Stepping ~*~*~tactically~*~*~ (stealth).
  1836 | D:2      | You fall into a shaft and drop 1 floor!
  1836 | D:3      | Found a sparkling altar of Nemelex Xobeh.
  1878 | D:3      | 1878 ||| Stepping ~*~*~tactically~*~*~ (stealth).
  1917 | D:3      | Reached skill level 4 in Axes
  2013 | D:3      | 2013 ||| Stepping ~*~*~tactically~*~*~ (hiding).
  2096 | D:3      | 2096 ||| Stepping ~*~*~tactically~*~*~ (stealth).
  2097 | D:3      | 2097 ||| Stepping ~*~*~tactically~*~*~ (stealth).
  2165 | D:3      | Noticed Sigmund
  2166 | D:3      | 2166 ||| Stepping ~*~*~tactically~*~*~ (hiding).
  2177 | D:3      | Killed Sigmund
  2178 | D:3      | Reached skill level 5 in Axes
  2178 | D:3      | Reached XP level 5. HP: 28/32 MP: 5/5
  2178 | D:3      | Reached XP level 6. HP: 32/37 MP: 6/6
  2236 | D:3      | 2236 ||| UPGRADING to +2 helmet.
  2241 | D:3      | 2241 ||| READING scroll labelled YMOWOCW WOASO.
  2242 | D:3      | 2242 ||| READING scroll labelled XAEHEA TASS.
  2243 | D:3      | 2243 ||| READING scroll labelled WUCKISKEHUL.
  2246 | D:3      | 2246 ||| READING scroll labelled SOSTRA ZATACIUCO.
  2347 | D:3      | 2347 ||| READING scroll labelled RUYCVE KILL.
  2348 | D:3      | 2348 ||| DRINKING 5 blue potions.
  2349 | D:3      | 2349 ||| DRINKING 2 clear potions.
  2350 | D:3      | 2350 ||| DRINKING 2 viscous clear potions.
  2351 | D:3      | 2351 ||| READING 2 scrolls of identify.
  2351 | D:3      | 2351 ||| IDENTIFYING glowing inky potion
  2352 | D:3      | 2352 ||| DROPPING potion of brilliance.
  2832 | D:3      | 2832 ||| DROPPING +0 whip.
  2903 | D:3      | Found a runed translucent gate.
  2904 | D:3      | Found a runed translucent gate.
  2904 | D:3      | Found a runed translucent gate.
  2905 | D:3      | Found an opulent altar of Gozag.
  2906 | D:3      | Noticed qw's ghost (amateur GrCA)
  2927 | D:3      | Found an ancient bone altar of Kikubaaqudgha.
  2928 | D:3      | Noticed a human
  2930 | D:3      | Killed a human
  3093 | D:3      | Found a broken altar of Ashenzari.
  3096 | D:3      | Found a shimmering blue altar of Sif Muna.
  3099 | D:3      | Found an iron altar of Okawaru.
  3100 | D:3      | 3100 ||| PLANNING OKAWARU WORSHIP
  3103 | D:3      | Became a worshipper of Warmaster Okawaru
  3103 | D:3      | 3103 ||| PLANNING D:1-11
  3113 | D:3      | Found a white marble altar of Elyvilon.
  3219 | D:4      | Found a sacrificial altar of Ru.
  3231 | D:4      | 3231 ||| Stepping ~*~*~tactically~*~*~ (stealth).
  3242 | D:4      | 3242 ||| FLEEEEING.
  3246 | D:4      | 3246 ||| Stepping ~*~*~tactically~*~*~ (stealth).
  3248 | D:4      | 3248 ||| FLEEEEING.
  3259 | D:4      | 3259 ||| Stepping ~*~*~tactically~*~*~ (hiding).
  3378 | D:4      | 3378 ||| DRINKING 4 potions of curing.
  3378 | D:4      | 3378 ||| (to cure confusion)
  3381 | D:4      | 3381 ||| DRINKING 3 potions of curing.
  3381 | D:4      | 3381 ||| (to cure confusion)
  3393 | D:4      | Found a hide-covered altar of Uskayaw.
  3454 | D:4      | Noticed Duvessa
  3457 | D:4      | Noticed Dowan
  3468 | D:4      | Killed Dowan
  3469 | D:4      | Reached skill level 6 in Axes
  3469 | D:4      | Reached XP level 7. HP: 17/43 MP: 7/7
  3472 | D:4      | Killed Duvessa
  3472 | D:4      | Reached * piety under Okawaru
  3512 | D:4      | Noticed Eustachio
  3513 | D:4      | 3513 ||| INVOKING Heroism.
  3524 | D:4      | 3524 ||| INVOKING Heroism.
  3535 | D:4      | Killed Eustachio
  3536 | D:4      | Reached skill level 7 in Axes
  3588 | D:4      | Noticed Grinder
  3603 | D:4      | 3603 ||| Stepping ~*~*~tactically~*~*~ (hiding).
  3604 | D:4      | 3604 ||| Stepping ~*~*~tactically~*~*~ (hiding).
  3605 | D:4      | 3605 ||| Stepping ~*~*~tactically~*~*~ (hiding).
  3606 | D:4      | 3606 ||| INVOKING Heroism.
  3617 | D:4      | 3617 ||| INVOKING Heroism.
  3624 | D:4      | Killed Grinder
  3625 | D:4      | Reached XP level 8. HP: 48/50 MP: 4/8
  3688 | D:4      | Reached skill level 1 in Invocations
  3767 | D:4      | 3767 ||| Stepping ~*~*~tactically~*~*~ (stealth).
  3769 | D:4      | 3769 ||| Stepping ~*~*~tactically~*~*~ (stealth).
  3774 | D:4      | 3774 ||| Stepping ~*~*~tactically~*~*~ (stealth).
  4065 | D:4      | 4065 ||| UPGRADING to +0 chain mail.
  4075 | D:4      | 4075 ||| DROPPING +0 scale mail.
  4076 | D:4      | 4076 ||| DRINKING 2 murky green potions.
  4077 | D:4      | 4077 ||| DRINKING 2 potions of curing.
  4077 | D:4      | 4077 ||| (to cure confusion)
  4078 | D:4      | 4078 ||| READING 2 scrolls of identify.
  4078 | D:4      | 4078 ||| IDENTIFYING glowing cyan potion
  4079 | D:4      | 4079 ||| DROPPING potion of flight.
  4080 | D:4      | 4080 ||| DROPPING potion of ambrosia.
  4094 | D:5      | Entered Level 5 of the Dungeon
  4174 | D:5      | 4174 ||| Stepping ~*~*~tactically~*~*~ (stealth).
  4176 | D:5      | 4176 ||| Stepping ~*~*~tactically~*~*~ (stealth).
  4176 | D:5      | Noticed Pikel
  4177 | D:5      | 4177 ||| Stepping ~*~*~tactically~*~*~ (stealth).
  4178 | D:5      | 4178 ||| INVOKING Heroism.
  4192 | D:5      | 4192 ||| INVOKING Heroism.
  4194 | D:5      | Killed Pikel
  4194 | D:5      | Reached ** piety under Okawaru
  4195 | D:5      | Reached skill level 8 in Axes
  4294 | D:5      | 4294 ||| INVOKING Heroism.
  4303 | D:5      | Reached skill level 6 in Fighting
  4303 | D:5      | Reached XP level 9. HP: 55/55 MP: 10/12
  4426 | D:5      | 4426 ||| Stepping ~*~*~tactically~*~*~ (stealth).
  4427 | D:5      | 4427 ||| Stepping ~*~*~tactically~*~*~ (stealth).
  4581 | D:5      | 4581 ||| READING 2 scrolls labelled FOZ CAH UKE.
  4582 | D:5      | 4582 ||| DROPPING scroll of poison.
  4630 | D:6      | 4630 ||| INVOKING Heroism.
  4666 | D:6      | HP: 13/55 [dart slug/slug dart (3)]
  4671 | D:6      | HP: 10/55 [electric eel/bolt of electricity (3)]
  4673 | D:6      | HP: 4/55 [electric eel/bolt of electricity (4)]
  4676 | D:6      | Killed from afar by an electric eel

Levels and vault maps discovered:
D:1:      lightli_arrival_chessboard, layout_loops_corners,
          minmay_misc_feat_square, st_stairs_10
D:2:      layout_loops_ring, minmay_pentomino_o4
D:3:      layout_basic, nemelex_xobeh_ov_fountains_minmay, tgw_kikubaaqudgha,
          grunt_temple_overflow_cloverleaf, ebering_ghost_gozag,
          mrwooster_statue_mirror, uniq_sigmund
D:4:      layout_basic, grunt_temple_overflow_open, uniq_duvessa, uniq_grinder,
          uniq_eustachio
D:5:      layout_cave_pools, uniq_pikel
D:6:      kennysheep_slugbush, layout_basic, minmay_temple_entry_stoned_glass

Skill      XL: |  1  2  3  4  5  6  7  8  9 |
---------------+----------------------------+-----
Axes           | 2 3 5 6 7 8 |  8.8
Dodging        | 1 2 |  2.2
Fighting       | 4 5 6 |  6.2
Invocations    | 4 |  4.5
Armour         | |  3.2
Shields        | |  3.2

Action                     |  1- 3 |  4- 6 |  7- 9 || total
---------------------------+-------+-------+-------++-------
  Melee: War axe           |   125 |   172 |   160 ||   457
 Invoke: Heroism           |       |       |     8 ||     8
    Use: Scroll            |     5 |     6 |     2 ||    13
         Potion            |       |     5 |     2 ||     7
 Armour: Scale mail        |    54 |    62 |    18 ||   134
         Chain mail        |       |       |    86 ||    86
  Dodge: Dodged            |    41 |    76 |    90 ||   207
  Block: Buckler           |    29 |    36 |    53 ||   118

Table legend:
 A = Non-vault XP
 B = Vault XP
 C = Vault XP percentage of total XP
 D = Non-vault monster count
 E = Vault monster count
 F = Vault count percentage of total count
                 A         B        C        D         E       F
            +---------+---------+-------+---------+---------+-------
      Total |    1399 |    1538 |  52.4 |     126 |      13 |   9.4
            +---------+---------+-------+---------+---------+-------
        D:1 |      61 |       5 |   7.6 |      35 |       2 |   5.4
        D:2 |      53 |       4 |   7.0 |      23 |       3 |  11.5
        D:3 |      46 |     223 |  82.9 |      20 |       1 |   4.8
        D:4 |     426 |     681 |  61.5 |      24 |       4 |  14.3
        D:5 |     671 |     617 |  47.9 |      19 |       1 |   5.0
        D:6 |     142 |       8 |   5.3 |       5 |       2 |  28.6
            +---------+---------+-------+---------+---------+-------
